 Dungeon Crawl Stone Soup version 0.29-a0-243-g602b31c20e (webtiles) character file.

Game seed: 16386669189538341171

1 esteth the Skirmisher (level 1, -2/23 HPs)
             Began as a Gnoll Wanderer on Mar 4, 2022.
             Slain by a jackal (3 damage)
             ... on level 1 of the Dungeon.
             The game lasted 00:00:54 (198 turns).

esteth the Skirmisher (Gnoll Wanderer)               Turns: 198, Time: 00:00:55

Health: -2/23      AC:  3    Str: 13    XL:     1   Next: 20%
Magic:  4/4        EV: 10    Int: 11    God:
Gold:   0          SH:  0    Dex:  9    Spells: 4/5 levels left

rFire   . . .      SeeInvis .   a - +0 dagger
rCold   . . .      Faith    .   (no shield)
rNeg    . . .      Spirit   .   d - +0 leather armour
rPois   .          Reflect  .   (no helmet)
rElec   .          Harm     .   (no cloak)
rCorr   .          Rampage  .   (no gloves)
Will    .....                   (no boots)
Stlth   +.........              (no amulet)
HPRegen 0.07/turn               (no ring)
MPRegen 0.09/turn               (no ring)

@: brilliant, studying Short Blades
A: fangs 1, strong nose, distributed training
a: no special abilities


You were on level 1 of the Dungeon.
You visited 1 branch of the dungeon, and saw 1 of its levels.


Innate Abilities, Weirdness & Mutations

You have very sharp teeth.
Your uncanny sense of smell can sniff out nearby items.
Your experience applies equally to all skills.


   Skills:
 + Level 6.4 Fighting
 + Level 0.0 Short Blades
 + Level 0.0 Long Blades
 + Level 0.0 Axes
 + Level 0.0 Maces & Flails
 + Level 0.0 Polearms
 + Level 0.0 Staves
 + Level 0.0 Slings
 + Level 0.0 Bows
 + Level 0.0 Crossbows
 + Level 4.4 Throwing
 + Level 0.0 Armour
 + Level 0.0 Dodging
 + Level 2.1 Stealth
 + Level 0.0 Shields
 + Level 0.0 Unarmed Combat
 + Level 2.6 Spellcasting
 + Level 0.0 Conjurations
 + Level 0.0 Hexes
 + Level 5.3 Summonings
 + Level 0.0 Necromancy
 + Level 0.0 Translocations
 + Level 0.0 Transmutations
 + Level 0.0 Fire Magic
 + Level 0.0 Ice Magic
 + Level 0.0 Air Magic
 + Level 0.0 Earth Magic
 + Level 0.0 Poison Magic
 + Level 0.0 Invocations
 + Level 0.0 Evocations


You had 4 spell levels left.
You knew the following spells:

 Your Spells              Type           Power      Damage    Failure   Level
s - Summon Small Mammal   Summ           76%        N/A       4%          1

Your spell library contained the following spells:

 Spells                   Type           Power      Damage    Failure   Level
 Call Canine Familiar     Summ           19%        N/A       12%         3
 Sandblast                Erth           4%         2d4       34%         1
 Passwall                 Tmut/Erth      1%         N/A       47%         2
 Stone Arrow              Conj/Erth      4%         3d7       71%         3
 Summon Ice Beast         Ice/Summ       10%        N/A       75%         4

Inventory:

Hand Weapons
 a - a +0 dagger (weapon)
Missiles
 b - 10 poisoned darts (quivered)
Armour
 d - a +0 leather armour (worn)
Potions
 e - a potion of brilliance

Dungeon Overview and Level Annotations

Branches:
Dungeon (1/15)

Altars:

## .l. .... .....
#############
......####r.......h...
......lh@hh###########
......###### .....
.... ... ##


You could see 3 jackals, a frilled lizard and a rat.


Message History

You take 2 damage, and now have 17/23 hp.
You barely miss the jackal. You hit the jackal but do no damage.
The jackal bites you but does no damage.
You closely miss the jackal. You bite the jackal, but do no damage.
The jackal bites you but does no damage.
A rat comes into view.
The jackal completely misses you.
You closely miss the jackal.
The jackal bites you but does no damage.
You hit the jackal. The jackal bites you. 😮 HP[-1]
You take 1 damage, and now have 16/23 hp.
You closely miss the jackal. The jackal barely misses you.
The jackal bites you. 😮 HP[-1]
You take 1 damage, and now have 15/23 hp.
You hit the jackal but do no damage. The jackal misses you.
You closely miss the jackal.
The jackal bites you but does no damage.
The jackal barely misses you.
You closely miss the jackal. The jackal bites you. 😮 HP[-1]
You take 1 damage, and now have 14/23 hp.
You closely miss the jackal. The jackal bites you. 😮 HP[-2]
You take 2 damage, and now have 12/23 hp.
You hit the jackal. The jackal bites you.
* * * LOW HITPOINT WARNING * * *
The jackal misses you. 😨 HP[-2]
You take 2 damage, and now have 10/23 hp.
You hit the jackal. The jackal barely misses you.
The jackal barks!
You hit the jackal but do no damage.
You hear an angry hiss.
The jackal bites you but does no damage.
The jackal barely misses you. 😨 HP[+1] It was a potion of brilliance.
You feel clever all of a sudden. The jackal closely misses you.
You aren't carrying any scrolls.
Okay, then.
You aren't carrying any items that you can evoke.
You hit the jackal but do no damage. The jackal bites you.
* * * LOW HITPOINT WARNING * * *
The jackal closely misses you. 😨 HP[-1]
You take 1 damage, and now have 10/23 hp.
You hit the jackal but do no damage.
The jackal bites you but does no damage.
The jackal barely misses you.
The jackal bites you but does no damage.
You hit the jackal but do no damage. The jackal bites you.
* * * LOW HITPOINT WARNING * * *
The jackal bites you but does no damage. x2 😨 HP[-1]
You take 1 damage, and now have 9/23 hp.
You hit the jackal.
You kill the jackal!
The jackal closely misses you.
You hit the jackal. You bite the jackal, but do no damage.
The jackal completely misses you.
The jackal bites you but does no damage.
The jackal bites you.
* * * LOW HITPOINT WARNING * * *
The jackal barely misses you. 😨 HP[-2]
You take 2 damage, and now have 7/23 hp.
You closely miss the jackal.
The jackal bites you but does no damage.
The jackal misses you.
You hit the jackal but do no damage. The jackal bites you.
* * * LOW HITPOINT WARNING * * *
The jackal closely misses you. 😨 HP[-1]
You take 1 damage, and now have 6/23 hp.
You hit the jackal.
The jackal bites you but does no damage.
The jackal barely misses you. x3
You hit the jackal but do no damage. You bite the jackal, but do no damage.
The jackal closely misses you. The jackal bites you.
* * * LOW HITPOINT WARNING * * *
😱 HP[-1]
You take 1 damage, and now have 5/23 hp.
You hit the jackal but do no damage. The jackal closely misses you.
The jackal bites you.
* * * LOW HITPOINT WARNING * * *
The jackal bites you.
* * * LOW HITPOINT WARNING * * *
The jackal bites you but does no damage. 😱 HP[-3]
You take 3 damage, and now have 2/23 hp.
You hit the jackal. The jackal barely misses you. The jackal bites you.
* * * LOW HITPOINT WARNING * * *
😱 HP[-1]
You take 1 damage, and now have 1/23 hp.
You miss the jackal. The jackal barely misses you. The jackal bites you.
You die...

Action                   || total
-------------------------++-------
Melee: Dagger            ||    51
       Bite              ||     5
       Punch             ||     1
  Use: Scroll            ||     1
       Potion            ||     1
Armor: Leather armour    ||    21
Dodge: Dodged            ||    42

Levels and vault maps discovered:
D:1:      dpeg_arrival_solitude, layout_rooms

Notes
Turn   | Place    | Note
-------+----------+-------------------------------------------
     0 | D:1      | esteth the Gnoll Wanderer began the quest for the Orb.
     0 | D:1      | esteth set off with the following items: a +0 dagger, 10
                  | poisoned darts, a scroll of teleportation {@r4}, a +0
                  | leather armour; and the following spell memorised: Summon
                  | Small Mammal; and the following spells available to
                  | memorise: Call Canine Familiar, Summon Ice Beast
     0 | D:1      | Reached XP level 1. HP: 23/23 MP: 4/4
     0 | D:1      | magus.rc [v1.11.3]
     6 | D:1      | You pick up a book of Geomancy and begin reading...
     6 | D:1      | You add the spells Sandblast, Passwall and Stone Arrow to
                  | your library.
   195 | D:1      | HP: 5/23 [jackal (1)]
   196 | D:1      | HP: 2/23 [jackal (2)]
   198 | D:1      | Slain by a jackal

Vanquished Creatures
  A jackal (D:1)
1 creature vanquished.

Table legend:
 A = Non-vault XP
 B = Vault XP
 C = Vault XP percentage of total XP
 D = Non-vault monster count
 E = Vault monster count
 F = Vault count percentage of total count
                 A         B        C        D         E       F
            +---------+---------+-------+---------+---------+-------
      Total |       2 |       0 |   0.0 |       1 |       0 |   0.0
            +---------+---------+-------+---------+---------+-------
        D:1 |       2 |       0 |   0.0 |       1 |       0 |   0.0
            +---------+---------+-------+---------+---------+-------

Illustrated notes

Table legend:
 A = Kills in this place as a percentage of kills in entire the game.
 B = Kills by you in this place as a percentage of kills by you in the entire game.
 C = Kills by friends in this place as a percentage of kills by friends in the entire game.
 D = Other kills in this place as a percentage of other kills in the entire game.
 E = Experience gained in this place as a percentage of experience gained in the entire game.
 F = Experience gained in this place divided by the number of levels of this place that you have seen.
                   A       B       C       D       E      F
               +-------+-------+-------+-------+-------+----------------------
         Total | 100.0 | 100.0 |   N/A |   N/A | 100.0 |   2.0
       Dungeon | 100.0 | 100.0 |   N/A |   N/A | 100.0 |   2.0
               +-------+-------+-------+-------+-------+----------------------

Table legend: (Time is in decaauts)
 A = Elapsed time spent in this place.
 B = Non-inter-level travel time spent in this place.
 C = Inter-level travel time spent in this place.
 D = Time resting spent in this place.
 E = Time spent auto-exploring this place.
 F = Levels seen in this place.
 G = Mean time per level.
                   A        B        C        D        E       F      G
               +--------+--------+--------+--------+--------+-----+--------+
         Total |    198 |    198 |      0 |    103 |     14 |   1 |  198.0 |
       Dungeon |    198 |    198 |      0 |    103 |     14 |   1 |  198.0 |
               +--------+--------+--------+--------+--------+-----+--------+

Top non-repeatable levels by time:
     D:1: 198 daAuts
